 Dungeon Crawl Stone Soup version 0.25.0-11-g1f837a76a1 (webtiles) character file.

Game seed: 1571783014857585361

72 Aviak the Chiller (level 4, 30/30 HPs)
             Began as a Demonspawn Ice Elementalist on June 27, 2020.
             Quit the game on level 2 of the Dungeon.
             The game lasted 00:03:52 (2399 turns).

Aviak the Chiller (Demonspawn Ice Elementalist)     Turns: 2399, Time: 00:03:53

Health: 30/30      AC:  3    Str:  8    XL:     4   Next: 7%
Magic:  8/8        EV: 11    Int: 17    God:
Gold:   73         SH:  4    Dex: 14    Spells: 7/8 levels left

rFire    . . .     SeeInvis .   m - +2 hand axe (pain)
rCold    + . .     Gourm    .   i - +0 buckler
rNeg     . . .     Faith    .   q - +0 leather armour
rPois    .         Spirit   .   (no helmet)
rElec    .         Reflect  .   (no cloak)
rCorr    .         Harm     .   (no gloves)
MR       .....                  (no boots)
Stlth    ++........             (no amulet)
HPRegen  0.10/turn              (no ring)
MPRegen  0.11/turn              (no ring)

@: no status effects
A: cold resistance 1, rot immunity
a: no special abilities


You were on level 2 of the Dungeon.
You were hungry.

You visited 1 branch of the dungeon, and saw 2 of its levels.

You collected 73 gold pieces.

Inventory:

Hand Weapons
 e - a +0 hand axe
 m - a +2 hand axe of pain (weapon)
Armour
 a - a +0 robe
 i - a +0 buckler (worn)
 q - a +0 leather armour (worn)
Scrolls
 f - a scroll of fog {unknown}
 h - 2 scrolls of random uselessness {unknown}
 k - 5 scrolls of teleportation {unknown}
 n - a scroll of fear {unknown}
 o - a scroll of magic mapping {unknown}
Potions
 b - 2 potions of resistance {unknown}
 d - 2 potions of heal wounds {unknown}
 g - 3 potions of curing {unknown}
 j - 2 potions of ambrosia {unknown}
 l - 2 potions of flight {unknown}
 p - 2 potions of degeneration {unknown}
 r - a potion of brilliance {unknown}
Comestibles
 c - a ration


   Skills:
 - Level 0.1 Fighting
 - Level 2.0 Dodging
 - Level 2.0 Stealth
 + Level 1.2 Shields
 + Level 2.8 Spellcasting
 + Level 4.1 Ice Magic


You had 7 spell levels left.
You knew the following spells:

 Your Spells              Type           Power        Failure   Level  Hunger
a - Freeze                Ice            ###.         7%          1    #......

Your spell library contained the following spells:

 Spells                   Type           Power        Failure   Level  Hunger
 Frozen Ramparts          Ice            ###...       21%         3    ###....
 Ozocubu's Armour         Chrm/Ice       #.......     43%         3    ###....
 Hailstorm                Conj/Ice       #.......     83%         4    #####..
 Summon Ice Beast         Ice/Summ       #.......     83%         4    #####..


Dungeon Overview and Level Annotations

Branches:
Dungeon (2/15)

Altars:


Innate Abilities, Weirdness & Mutations

Your flesh is cold resistant. (rC+)
You are immune to rotting.


Message History

You hit the bat.
You kill the bat!
The bat hits you.
You barely miss the bat.
The bat is heavily wounded.
The bat closely misses you. The bat misses you. The bat barely misses you.
The bat closely misses you. The bat hits you but does no damage.
You miss the bat.
The bat is moderately wounded.
The bat hits you but does no damage. The bat barely misses you.
The bat closely misses you. The bat hits you but does no damage.
The bat hits you but does no damage. The bat closely misses you.
The bat hits you but does no damage. The bat barely misses you.
You closely miss the bat.
The bat is moderately wounded.
The bat barely misses you.
Are you sure you want to abandon this character and quit the game? (Confirm with "yes".)

#.#..## #.#...#
......# ##....#
.##...# ########
.....>####......
...............###
.............#...##
.######.#.......@.##
.# #......b.....# .#
##(..........# ##
#...........#
##.........##
##...#...##
#########


You could see a bat.

Vanquished Creatures
  A gnoll (D:2)
  3 adders (D:2)
  2 dart slugs (D:1)
  A leopard gecko (D:2)
  3 goblins
  5 hobgoblins
  3 jackals (D:1)
  A quokka (D:2)
  A ball python (D:2)
  5 bats
  2 frilled lizards
  3 kobolds
  3 rats
33 creatures vanquished.

Vanquished Creatures (others)
  A rat (D:1)
1 creature vanquished.

Grand Total: 34 creatures vanquished

Notes
Turn   | Place    | Note
-------+----------+-------------------------------------------
     0 | D:1      | Aviak the Demonspawn Ice Elementalist began the quest for
                  | the Orb.
     0 | D:1      | Reached XP level 1. HP: 13/13 MP: 3/3
   510 | D:1      | Gained mutation: Your flesh is cold resistant. (rC+)
                  | [demonic ancestry]
   510 | D:1      | Reached XP level 2. HP: 19/19 MP: 5/5
  1547 | D:2      | Reached XP level 3. HP: 11/24 MP: 0/6
  1886 | D:2      | Reached skill level 4 in Ice Magic
  1888 | D:2      | Reached skill level 1 in Shields
  2290 | D:2      | Gained mutation: You are immune to rotting. [demonic
                  | ancestry]
  2290 | D:2      | Reached XP level 4. HP: 27/30 MP: 4/8
  2399 | D:2      | Quit the game

Illustrated notes

Levels and vault maps discovered:
D:1:      co_arrival_hexagon_in_a_hexagon, layout_basic, lemuel_another_geyser
D:2:      layout_rooms, nicolae_overflow_crystal_walls, minitemple,
          mrwooster_statue_mirror, minmay_randomly_rotated_circles,
          uniq_crazy_yiuf_cottage

Skill      XL: |  1  2  3 |
---------------+----------+-----
Dodging        | 2 |  2.0
Stealth        | 2 |  2.0
Ice Magic      | 4 |  4.1
Shields        | 1 |  1.2
Fighting       | |  0.1
Spellcasting   | |  2.8

Action                   |  1- 3 |  4- 6 || total
-------------------------+-------+-------++-------
Melee: Unarmed           |     6 |       ||     6
       Hand axe          |    47 |     6 ||    53
 Cast: Freeze            |    33 |     1 ||    34
 Stab: Sleeping          |     1 |       ||     1
  Eat: Ration            |     1 |       ||     1
       Chunk             |       |     1 ||     1
Armor: Robe              |    10 |       ||    10
       Leather armour    |     5 |    10 ||    15
Dodge: Dodged            |    59 |    12 ||    71
Block: Buckler           |    12 |     3 ||    15
